 Dungeon Crawl Stone Soup version 0.24.0-123-gd5b16e6ec5 (webtiles) character file.

Game seed: 17229956490290490704, levelgen mode: deterministic

9580 Amplified the Fighter (level 11, -1/123 HPs)
             Began as an Ogre Gladiator on Jan 8, 2020.
             Was a High Priest of Okawaru.
             Slain by an unseen horror (7 damage)
             ... on level 12 of the Dungeon.
             The game lasted 00:19:47 (15219 turns).

Amplified the Fighter (Ogre Gladiator)             Turns: 15219, Time: 00:19:47

Health: -1/123     AC:  4    Str: 22    XL:     11   Next: 48%
Magic:  15/15      EV: 15    Int: 10    God:    Okawaru [*****.]
Gold:   189        SH:  0    Dex: 10    Spells: 10/10 levels left

rFire    + . .     SeeInvis .   h - +3 trident (curse)
rCold    + . .     Gourm    .   (no shield)
rNeg     . . .     Faith    +   b - +0 robe
rPois    .         Spirit   .   c - +1 hat
rElec    .         Reflect  .   e - scarf {rC+ rF+}
rCorr    .         Harm     .   (gloves unavailable)
MR       +....                  (boots unavailable)
Stlth    +.........             j - amulet of faith
HPRegen  0.30/turn              r - ring of wizardry
MPRegen  0.14/turn              (no ring)

@: confused, heroism, marked, very slightly contaminated, invisible
A: large, unfitting armour, tough skin 1
a: Heroism, Finesse, Renounce Religion


You were on level 12 of the Dungeon.
You worshipped Okawaru.
Okawaru was extremely pleased with you.
You were not hungry.

You visited 1 branch of the dungeon, and saw 12 of its levels.
You also visited: Ossuary.

You collected 850 gold pieces.
You spent 661 gold pieces at shops.

Inventory:

Hand Weapons
 a - a +0 giant spiked club
 h - a cursed +3 trident (weapon)
 l - the +7 dagger of Qekkiesa {pierce, rC+ MR+}
   (You found it on level 4 of the Dungeon)

   It inflicts extra damage upon your enemies.
   It protects you from cold.
   It affects your resistance to hostile enchantments.
Missiles
 i - 5 poisoned darts (quivered)
 q - 15 silver javelins
Armour
 b - a +0 robe (worn)
 c - a +1 hat (worn)
 e - a scarf of resistance (worn)
 C - a +1 cloak
Jewellery
 j - an amulet of faith (around neck)
 r - a ring of wizardry (left hand)
Wands
 u - a wand of random effects (6)
 v - a wand of acid (4)
 E - a wand of disintegration (4)
Scrolls
 g - 5 scrolls of remove curse
 m - 2 scrolls of amnesia
 w - a scroll of magic mapping
Potions
 d - a potion of ambrosia
 k - a potion of agility
 p - 3 potions of lignification
 s - a potion of berserk rage
 t - a potion of magic
 x - 2 potions of might
 z - a potion of flight
 A - a potion of haste
 B - a potion of invisibility
 F - a potion of brilliance
Miscellaneous
 n - a lightning rod (4/4)
Comestibles
 f - 19 rations


   Skills:
 * Level 12.3(17.3) Fighting
 * Level 10.0(15.0) Polearms
 - Level 2.0(7.0) Throwing
 * Level 5.8(10.8) Armour
 * Level 7.1(12.1) Dodging
 - Level 6.2 Invocations


You had 10 spell levels left.
You didn't know any spells.
Your spell library contained the following spells:

 Spells                   Type           Power        Failure   Level  Hunger
 Sandblast                Erth           #.....       16%         1    ##.....
 Passwall                 Tmut/Erth      #.......     22%         2    ###....
 Stone Arrow              Conj/Erth      #.....       41%         3    ####...
 Petrify                  Tmut/Erth      #.......     80%         4    #####..
 Lee's Rapid Deconstruct  Erth           #.........   98%         5    ######.


Dungeon Overview and Level Annotations

Branches:
Dungeon (12/15)            Temple (0/1) D:6            Lair (0/6) D:8
Ossuary (visited)
    Orc: D:9-12

Altars:
Ashenzari
Cheibriados
Fedhas
Kikubaaqudgha
Makhleb
Okawaru
Ru
Sif Muna
Vehumet
Wu Jian
Xom
Yredelemnul
The Shining One

Shops:
D:11 [

Annotations:
D:5 3 runed translucent doors, Exporg's ghost, amateur TrFi; FishyPogo's ghost, novice DsWz; havocjr3's ghost, amateur GnFi; puimuR's ghost, amateur HOMo
D:6 exclusion: oklob plant
D:10 2 transporters, jaiteiro's ghost, novice HOMo


Innate Abilities, Weirdness & Mutations

You are too large for most types of armour.
You have tough skin. (AC +1)


Message History

The bullfrog swells and bulges.
Something barely misses you.
Unknown command.
Unknown command.
Unknown command.
You're too confused to move!
Something hits you but does no damage. Something completely misses you.
The iguana hisses menacingly.
The orc throws a boomerang.
The boomerang barely misses you.
The weapon returns to the orc!
Something hits you.
* * * LOW HITPOINT WARNING * * *
Unknown command.
Unknown command.
Unknown command.
You bump into the rock wall.
Something completely misses you. The bullfrog completely misses you.
Something hits you.
* * * LOW HITPOINT WARNING * * *
The bullfrog closely misses you.
The orc throws a boomerang.
The boomerang misses you. Something hits you!
You die...

########################
................(.......
..........######........
########..# #...####.
#..# #(..# #..# #(..#
#.l# #)..# #..# #...#
#.@# #...# #F.# #...#
#..# #...# #.o# #...#
#..# #...# #..# #..#
#o.# #..#


You could see a bullfrog, an iguana and 2 orcs.

Vanquished Creatures
  A manticore (D:11)
  A centaur zombie (D:11)
  2 gargoyles
  A troll (D:10)
  A hippogriff (D:8)
  A spriggan (D:11)
  A wyvern (D:8)
  11 yaks
  A steam dragon (D:7)
  A water moccasin (D:5)
  2 ice beasts
  7 orc warriors
  3 black bears
  2 eyes of draining
  2 necrophages
  4 ogres
  2 sky beasts
  3 centaurs
  An elf zombie (Ossuary)
  4 big kobolds
  6 bullfrogs
  A wyvern zombie (D:11)
  2 scorpions
  9 killer bees
  4 wights (D:6)
  2 howler monkeys
  7 crimson imps
  A quasit (D:6)
  6 hounds
  2 bullfrog zombies
  2 jellies
  7 orc wizards
  A human zombie (Ossuary)
  5 bullfrog skeletons
  2 centaur skeletons
  7 orc priests
  7 worker ants
  4 iguanas
  A big kobold zombie (Ossuary)
  A hound zombie (Ossuary)
  5 mummies
  A worker ant zombie (D:6)
  10 gnolls
  16 adders
  2 shadow imps
  An ooze (D:3)
  An adder zombie (D:7)
  2 adder skeletons (D:4)
  4 worms
  2 dart slugs
  5 leopard geckos
  57 orcs
  5 bats
  4 giant cockroaches
  2 gnoll zombies (Ossuary)
  6 goblins
  2 hobgoblins (D:1)
  9 jackals
  27 kobolds
  7 quokkas
  7 frilled lizards
  A jackal zombie (Ossuary)
  A leopard gecko zombie (D:6)
  2 orc zombies (Ossuary)
  A quokka zombie (D:8)
  9 rats
  3 rat zombies (Ossuary)
320 creatures vanquished.

Vanquished Creatures (others)
  A leopard gecko (D:4)
  4 orcs (D:4)
  5 toadstools (D:1)
10 creatures vanquished.

Grand Total: 330 creatures vanquished

Notes
Turn   | Place    | Note
-------+----------+-------------------------------------------
     0 | D:1      | Amplified the Ogre Gladiator began the quest for the Orb.
     0 | D:1      | Reached XP level 1. HP: 22/22 MP: 1/1
   146 | D:1      | Reached skill level 3 in Fighting
   343 | D:1      | Reached XP level 2. HP: 31/31 MP: 2/2
   610 | D:2      | Reached XP level 3. HP: 39/39 MP: 3/3
   633 | D:2      | Found a shimmering altar of Xom.
   634 | D:2      | Found an iron altar of Okawaru.
   634 | D:2      | Found a shattered altar of Ashenzari.
   729 | D:2      | Became a worshipper of Warmaster Okawaru
  1033 | D:2      | Reached skill level 4 in Fighting
  1199 | D:2      | Reached skill level 1 in Invocations
  1199 | D:2      | Reached XP level 4. HP: 35/48 MP: 4/4
  1883 | D:3      | Reached XP level 5. HP: 39/55 MP: 6/6
  2306 | D:4      | Reached skill level 5 in Fighting
  2784 | D:4      | Reached XP level 6. HP: 55/66 MP: 8/8
  3209 | D:3      | Found a sacrificial altar of Ru.
  3568 | D:3      | Found a shimmering altar of Xom.
  3715 | D:4      | Reached * piety under Okawaru
  3715 | D:4      | Reached skill level 5 in Polearms
  3834 | D:4      | Reached skill level 6 in Fighting
  3966 | D:4      | Found a radiant altar of Vehumet.
  4331 | D:5      | Entered Level 5 of the Dungeon
  4389 | D:5      | Reached XP level 7. HP: 57/75 MP: 9/9
  4788 | D:5      | Reached skill level 7 in Fighting
  4834 | D:5      | Reached ** piety under Okawaru
  4893 | D:6      | Found an ornate altar of the Wu Jian Council.
  4974 | D:6      | Reached XP level 8. HP: 23/87 MP: 11/11
  5019 | D:6      | Noticed an oklob plant
  5080 | D:6      | Found a sand-covered staircase.
  5092 | D:6      | Reached skill level 5 in Invocations
  5226 | Ossuary  | Entered an ossuary
  5701 | D:6      | Reached skill level 8 in Fighting
  5857 | D:6      | Found a staircase to the Ecumenical Temple.
  6946 | D:5      | Found a shimmering blue altar of Sif Muna.
  7149 | D:5      | Found a runed translucent gate.
  7149 | D:5      | Found a runed translucent gate.
  7149 | D:5      | Found a runed translucent gate.
  7149 | D:5      | Noticed puimuR's ghost (amateur HOMo)
  7149 | D:5      | Noticed Exporg's ghost (amateur TrFi)
  7150 | D:5      | Noticed havocjr3's ghost (amateur GnFi)
  7150 | D:5      | Noticed FishyPogo's ghost (novice DsWz)
  7486 | D:4      | Found a burning altar of Makhleb.
  7568 | D:4      | Got a crystal dagger
  7569 | D:4      | Identified the +7 dagger of Qekkiesa {pierce, rC+ MR+} (You
                  | found it on level 4 of the Dungeon)
  7746 | D:7      | Reached skill level 1 in Armour
  7746 | D:7      | Reached XP level 9. HP: 84/97 MP: 13/13
  7750 | D:7      | Reached *** piety under Okawaru
  7750 | D:7      | Reached skill level 9 in Fighting
  8161 | D:8      | Received a gift from Okawaru
  8940 | D:8      | Found a blossoming altar of Fedhas.
  8941 | D:8      | Found an ancient bone altar of Kikubaaqudgha.
  9041 | D:8      | Reached **** piety under Okawaru
  9073 | D:8      | Found a basalt altar of Yredelemnul.
  9081 | D:8      | Found a snail-covered altar of Cheibriados.
  9184 | D:8      | Found a staircase to the Lair.
  9441 | D:7      | Reached skill level 10 in Fighting
  9605 | D:7      | Reached XP level 10. HP: 29/110 MP: 12/14
 10109 | D:7      | Received a gift from Okawaru
 10109 | D:7      | Reached skill level 5 in Dodging
 10937 | D:6      | Found a glowing golden altar of the Shining One.
 10959 | D:6      | Found a radiant altar of Vehumet.
 11714 | D:9      | Received a gift from Okawaru
 12453 | D:10     | Entered Level 10 of the Dungeon
 12469 | D:10     | Found a transporter.
 12470 | D:10     | Noticed jaiteiro's ghost (novice HOMo)
 12471 | D:10     | Found the +12 glaive of Prune {chop}
 12471 | D:10     | Noticed a two-headed ogre
 12471 | D:10     | Found a transporter.
 12471 | D:10     | Noticed a two-headed ogre
 12472 | D:10     | Identified the +3 great mace of Gloom {pain, rElec rN++
                  | Str-2 Stlth+}
 12472 | D:10     | Identified the +8 dire flail of Buepai {flame, Str+7}
 12472 | D:10     | Noticed a two-headed ogre
 12631 | D:10     | Reached skill level 11 in Fighting
 12721 | D:10     | Noticed a gargoyle
 12763 | D:10     | Found Otiprit's Distillery.
 12771 | D:10     | Bought a potion of heal wounds for 60 gold pieces
 12771 | D:10     | Bought a potion of agility for 48 gold pieces
 12771 | D:10     | Bought a potion of might for 48 gold pieces
 12771 | D:10     | Bought a potion of curing for 36 gold pieces
 12771 | D:10     | Bought a potion of flight for 36 gold pieces
 12771 | D:10     | Bought a potion of haste for 120 gold pieces
 12771 | D:10     | Bought a potion of invisibility for 96 gold pieces
 12771 | D:10     | Bought a potion of heal wounds for 60 gold pieces
 12875 | D:10     | Killed a gargoyle
 12948 | D:10     | Received a gift from Okawaru
 13470 | D:11     | Reached ***** piety under Okawaru
 13470 | D:11     | Reached skill level 5 in Armour
 13478 | D:11     | Reached XP level 11. HP: 73/122 MP: 15/15
 13784 | D:11     | Received a gift from Okawaru
 13892 | D:11     | Reached skill level 12 in Fighting
 14220 | D:11     | Received a gift from Okawaru
 14588 | D:11     | Noticed a manticore
 14596 | D:11     | Killed a manticore
 14850 | D:11     | Found Room's Antique Armour Shop.
 14853 | D:11     | Bought a runed cloak for 157 gold pieces
 15020 | D:11     | Received a gift from Okawaru
 15067 | D:11     | Noticed a green ugly thing
 15068 | D:11     | Noticed a white ugly thing
 15163 | D:12     | Reached skill level 10 in Polearms
 15216 | D:12     | HP: 6/123 [something (4)]
 15219 | D:12     | Slain by an unseen horror

Levels and vault maps discovered:
D:1:      ldierk_walled_garden, layout_loops_ring
D:2:      layout_loops_ring, chequers_temple_overflow_statue_of_worship,
          first_ration
D:3:      layout_basic, hangedman_ru_absence, tgw_xom
D:4:      layout_loops_corners, makhleb_blood_cavern_becter, fiery_altar_vehumet
D:5:      layout_basic, lemuel_blue_sif_altar, gammafunk_ghost_cemetery
D:6:      layout_loops_cross, tso_oasis_becter, lemuel_doored_altar,
          minmay_temple_entry_statues_pillars, gup_ossuary_entry_pyramid,
          basic_altar, lemuel_oklob_altar
D:7:      layout_loops_ring
D:8:      layout_basic, grunt_temple_overflow_growth_and_decay, minitemple,
          dpeg_oklobed_lair
D:9:      layout_stronghold
D:10:     layout_grid_maze, erik_orc_2, gammafunk_ghost_smash, serial_shops,
          shop
D:11:     layout_basic, serial_shops, kennysheep_mini, the_bakery
D:12:     layout_long_grid, minmay_between, uniq_jorgrun

Skill      XL: |  1  2  3  4  5  6  7  8  9 10 11 |
---------------+----------------------------------+-----
Fighting       | 3 4 5 6 7 8 10 11 12 | 12.3
Invocations    | 1 2 3 4 6 |  6.2
Polearms       | 4 5 6 7 8 9 10 | 10.0
Dodging        | 3 4 6 7 |  7.1
Armour         | 1 3 5 |  5.8
Throwing       | |  2.0

Action                   |  1- 3 |  4- 6 |  7- 9 | 10-12 || total
-------------------------+-------+-------+-------+-------++-------
Melee: Trident           |    86 |   265 |   576 |   537 ||  1464
       Punch             |       |       |     3 |     6 ||     9
Throw: Throwing net      |       |     7 |     5 |     2 ||    14
       Javelin           |       |       |     2 |     4 ||     6
Invok: Heroism           |       |     2 |    13 |    12 ||    27
Evoke: Wand              |       |       |       |    17 ||    17
  Use: Potion            |     1 |     4 |     7 |    11 ||    23
       Scroll            |       |    10 |    12 |     8 ||    30
 Stab: Sleeping          |     1 |     2 |     2 |     1 ||     6
       Held in net/web   |       |     3 |     1 |     2 ||     6
  Eat: Chunk             |       |     7 |    15 |     9 ||    31
       Ration            |       |     1 |     1 |     3 ||     5
Armor: Robe              |    15 |    40 |   166 |    66 ||   287
       Skin              |    10 |       |       |       ||    10
Dodge: Dodged            |    23 |   114 |   291 |   252 ||   680
